AoeStats
← #Tsch

Arabia

510405528Analyzed
1v1 RM · 1d ago on Sep 30, 2026· 45m 17s· 2 players
Game mode
Random Map
Map size
Tiny (2 player)
Population
200
Speed
Normal
Resources
Standard
Victory
Conquest
Starting age
Dark Age
Ending age
Imperial Age
RankedLock teamsTeams togetherTeam positionsShared explorationLock speedFull tech treeHidden civsTurbo modeCheats
Victory
Defeat
🇩🇪 Tupi · Germany
940
+16
🇬🇧 Ethiopians · United Kingdom
941
-16
#Tsch
8:00 Loom
10:26 Feudal Age
14:38 Castle Age
13:46 Double-Bit Axe
15:38 Gold Mining
16:42 Stone Mining
18:42 Bow Saw
19:30 Fletching
27:54 Bodkin Arrow
29:35 Pikeman
30:15 Squires
31:40 Ballistics
38:03 Imperial Age
37:01 Treadmill Crane
38:08 Padded Archer Armor
39:15 Wheelbarrow
38:20 Onager
39:58 Horse Collar
41:57 Bracer
42:59 Chemistry
41:51 Guard Tower
43:40 Town Watch
45:59 Keep
45:42 Leather Archer Armor
jmr99
7:12 Loom
9:19 Feudal Age
12:03 Double-Bit Axe
14:50 Fletching
15:10 Forging
18:30 Wheelbarrow
20:49 Castle Age
19:54 Horse Collar
21:22 Crossbowman
21:58 Bodkin Arrow
22:04 Padded Archer Armor
27:19 Scale Barding Armor
27:43 Bow Saw
27:35 Heavy Plow
45:07 Imperial Age
43:36 Elite Skirmisher
Connection lost

Rejoining the realm…

Still unreachable

The connection could not be restored.

Session expired

The server has moved on; the page needs a fresh start.